Map: Acid Plant LE

Players

Future

  • Race: Terran Terran
  • Spawn Location: 11:00

McMonroe - Winner!

  • Race: Zerg Zerg
  • Spawn Location: 5:00

Event: WCS Austin 2018

VOD

Have the link to the VOD?

Description

Time

  • Played on: June 1, 2018, 1:28 p.m.
  • Length: 13:20

All games in this series

Show
View Real Time Build Order
Export as new Build Order

Future Terran 

Build Orders: Reaper Expand 

Get SALT Encoding   

  12  0:00  SCV  
  13  0:13  SCV  
  14  0:17  Supply Depot  
  14  0:25  SCV  
  15  0:38  SCV  
  15  0:40  Barracks  
  16  0:44  Refinery  
  16  0:50  SCV  
  17  1:02  SCV  
  18  1:15  SCV  
  19  1:28  Orbital Command, Reaper  
  20  1:41  Command Center  
  20  1:48  Supply Depot  
  20  1:53  SCV  
  21  2:00  Marine  
  22  2:05  SCV  
  23  2:08  Factory  
  23  2:18  SCV  
  23  2:21  Barracks Reactor  
  24  2:30  SCV  
  25  2:39  Command Center  
  25  2:42  SCV  
  26  2:54  Orbital Command  
  26  2:55  SCV  
  27  3:00  Starport  
  27  3:07  SCV  
  27  3:09  Refinery  
  28  3:17  Barracks Tech Lab  
  28  3:19  Hellion, SCV  
  31  3:20  Hellion  
  31  3:23  SCV  
  34  3:31  SCV  
  35  3:35  SCV  
  35  3:40  Hellion  
  37  3:42  Hellion  
  37  3:43  SCV  
  37  3:47  SCV  
  37  3:48  Banshee  
  44  3:49  Barracks Tech Lab  
  44  3:53  Orbital Command  
  44  3:56  SCV  
  44  3:59  SCV  
  46  4:08  SCV  
  46  4:09  Barracks, Stimpack, Marine  
  48  4:11  SCV  
  48  4:15  Barracks  
  48  4:16  Factory Reactor  
  49  4:21  SCV  
  49  4:23  Orbital Command, SCV  
  51  4:26  Marine  
  51  4:28  Supply Depot  
  52  4:34  SCV  
  52  4:36  SCV  
  54  4:39  Engineering Bay x2  
  54  4:44  Marine  
  55  4:46  Starport Reactor  
  55  4:47  SCV  
  55  4:48  SCV  
  55  4:49  Refinery  
  55  4:50  Refinery, SCV  
  58  4:57  Marine x2  
  58  4:59  SCV  
  61  5:00  SCV  
  61  5:02  Marine, SCV  
  64  5:07  Marine  
  64  5:09  Marine  
  64  5:11  SCV  
  64  5:12  SCV  
  68  5:15  Marine  
  68  5:17  Supply Depot x2, Terran Infantry Armor Level 1  
  68  5:20  Terran Infantry Weapons Level 1  
  68  5:21  Supply Depot  
  69  5:29  Marine x4  
  69  5:30  SCV x2  
  69  5:33  Marine  
  76  5:35  SCV  
  76  5:38  Medivac x2  
  76  5:42  SCV x2  
  83  5:44  Supply Depot x2  
  83  5:47  Marine x4  
  83  5:48  SCV  
  88  5:51  Marine  
  88  5:54  SCV x2  
  91  6:00  SCV  
  91  6:02  Barracks x2  
  92  6:05  Marine x3  
  92  6:06  SCV x2  
  92  6:07  Marine  
  92  6:09  Marine  
  99  6:12  SCV  
  99  6:15  Supply Depot  
  99  6:17  Supply Depot  
  100  6:18  Supply Depot  
  100  6:19  Siege Tank  
  100  6:23  Marine  
  100  6:25  Marine x3  
  106  6:28  Armory  
  106  6:29  SCV x3  
  110  6:33  Refinery x2, Marine  
  111  6:40  Marine  
  111  6:41  SCV x3  
  111  6:42  Marine  
  111  6:43  Marine  
  111  6:46  Medivac x2  
  121  6:48  Marine  
  121  6:50  Barracks Reactor  
  121  6:52  Barracks Reactor  
  117  6:54  Marine  
  117  6:56  Siege Tank  
  117  6:57  SCV  
  117  6:58  Marine, SCV  
  117  6:59  SCV  
  125  7:02  Marine  
  125  7:04  Supply Depot  
  125  7:06  Marine x2  
  128  7:12  Marine  
  129  7:16  Marine, Supply Depot x3  
  129  7:19  Marine  
  129  7:20  Medivac x2  
  135  7:24  Marine x2  
  137  7:30  Marine x2  
  137  7:31  Marine x3  
  137  7:32  Siege Tank, Terran Infantry Weapons Level 2  
  144  7:37  Terran Infantry Armor Level 2  
  144  7:38  Marine x2  
  146  7:46  Marine  
  146  7:47  Marine  
  146  7:48  Marine x2  
  150  7:56  Marine x2  
  150  7:57  Marine x3  
  151  7:58  Medivac  
  151  8:04  Marine, Siege Tank  
  151  8:05  Marine x2  
  138  8:06  Marine  
  138  8:07  Medivac  
  138  8:09  Command Center  
  143  8:14  Marine x4  
  143  8:19  Marine  
  147  8:22  Marine  
  147  8:23  Marine x2  
  147  8:24  Marine  
  149  8:28  Medivac  
  149  8:32  Marine x4  
  153  8:35  Terran Vehicle Weapons Level 1, Missile Turret  
  153  8:37  Medivac, Marine  
  153  8:39  Marine  
  153  8:41  Thor, Marine x2  
  156  8:42  Marine  
  156  8:45  Missile Turret  
  164  8:50  Marine  
  162  9:00  Marine  
  162  9:01  Marine x7  
  168  9:03  Missile Turret  
  168  9:05  Missile Turret  
  168  9:07  Medivac x2  
  172  9:11  Marine, Missile Turret  
  172  9:18  Marine x4  
  172  9:22  Supply Depot  
  176  9:25  Supply Depot  
  176  9:26  Marine, Supply Depot  
  176  9:28  Supply Depot  
  176  9:30  Thor  
  177  9:37  Medivac x2  
  177  9:38  Marine x2  
  183  9:49  Marine  
  184  9:57  Marine x4  
  184  9:58  Marine x3  
  182  10:07  Marine  
  182  10:08  Marine  
  183  10:16  Terran Infantry Armor Level 3, Terran Infantry Weapons Level 3  
  183  10:18  Marine x2  
  185  10:23  Planetary Fortress  
  185  10:32  SCV x2  
  185  10:33  SCV  
  188  10:37  Marine  
  188  10:38  Marauder, Marine x7  
  198  10:55  Marine  
  180  11:05  Marine  
  180  11:06  Marauder, Marine x5  
  180  11:10  Barracks  
  180  11:11  Barracks x2  
  183  11:23  Marine x2  
  179  11:27  Marauder  
  152  11:42  Marine  
  152  11:43  Marine x7  
  152  11:46  SCV x2  
  152  11:47  SCV x2  
  155  11:58  SCV x2  
  155  12:00  Marine x4  
  155  12:01  Marine x2  
  160  12:06  Marine  
  160  12:08  Barracks Tech Lab  
  154  12:10  Barracks Tech Lab x2  
  154  12:12  Marauder  
  154  12:13  SCV x2  
  154  12:14  SCV x2  
  158  12:18  Marine  
  157  12:23  Marine x5  
  157  12:24  Marine  
  157  12:25  SCV  
  157  12:26  Marine  
  157  12:29  Marine  
  164  12:32  SCV  
  164  12:33  Marauder  
  164  12:36  Marine  
  150  12:41  Marine x3  
  138  12:46  Marine  
  138  12:47  Marine x5  
  117  12:54  Marauder, Marine  
  115  12:59  Marine x3  
Show
View Real Time Build Order
Export as new Build Order

McMonroe Zerg - Winner!

Build Orders: Hatch First, Muta Ling Bane 

Get SALT Encoding   

  12  0:00  Drone  
  13  0:12  Overlord  
  13  0:17  Drone  
  14  0:30  Drone  
  14  0:31  Drone  
  14  0:35  Drone  
  17  0:51  Hatchery  
  17  0:55  Drone  
  17  1:01  Drone  
  18  1:08  Extractor  
  17  1:16  Spawning Pool  
  17  1:17  Drone  
  17  1:20  Drone  
  18  1:29  Drone  
  19  1:39  Overlord  
  19  1:49  Drone  
  20  2:02  Queen  
  20  2:03  Zergling x2  
  20  2:04  Queen  
  20  2:05  Zergling x2  
  26  2:11  Drone  
  26  2:14  Drone  
  28  2:24  Hatchery  
  28  2:27  Drone  
  28  2:29  Drone  
  29  2:33  Drone  
  30  2:37  Drone  
  30  2:40  Metabolic Boost  
  32  2:44  Drone  
  32  2:47  Overlord  
  32  2:54  Queen  
  32  2:57  Drone  
  35  2:59  Drone  
  36  3:09  Drone x2  
  36  3:10  Drone x2  
  36  3:11  Overlord  
  40  3:20  Drone x2  
  40  3:26  Queen  
  44  3:30  Queen  
  44  3:33  Zergling x4  
  48  3:43  Drone x2  
  48  3:44  Queen  
  48  3:45  Zergling x4  
  54  3:51  Drone x3  
  54  3:52  Drone  
  58  3:57  Overlord x2  
  58  4:11  Overlord  
  58  4:14  Evolution Chamber, Drone  
  58  4:16  Evolution Chamber  
  57  4:18  Drone x3  
  57  4:19  Drone x3  
  57  4:22  Drone x2  
  65  4:24  Drone  
  65  4:26  Overlord  
  65  4:30  Drone x2  
  68  4:36  Drone  
  69  4:41  Zerg Ground Armor Level 1  
  69  4:42  Zerg Melee Weapons Level 1  
  69  4:44  Drone x5  
  74  4:50  Overlord, Extractor  
  74  4:52  Extractor  
  72  4:58  Hatchery, Drone x2  
  72  4:59  Drone  
  74  5:00  Drone  
  74  5:03  Drone x3  
  78  5:14  Lair  
  78  5:16  Drone x3  
  78  5:17  Drone x3  
  78  5:18  Drone  
  78  5:20  Extractor  
  84  5:23  Drone x3  
  84  5:26  Overlord x2  
  84  5:27  Overlord  
  87  5:31  Baneling Nest  
  87  5:33  Extractor  
  87  5:34  Extractor  
  84  5:38  Hatchery, Drone x2  
  84  5:39  Zergling x2  
  85  5:51  Zergling x6  
  85  5:52  Zergling x10  
  85  5:55  Zergling x4  
  94  6:00  Zergling x2  
  94  6:01  Zergling x10  
  100  6:06  Overlord x2  
  100  6:10  Zergling x4  
  102  6:17  Centrifical Hooks  
  102  6:21  Spire  
  102  6:23  Baneling x7  
  102  6:24  Baneling, Zergling x12  
  107  6:28  Overlord x2  
  107  6:33  Zergling x14  
  107  6:38  Zerg Melee Weapons Level 2  
  114  6:40  Spore Crawler  
  113  6:49  Zergling x6  
  113  6:50  Zergling x12  
  116  7:01  Zerg Ground Armor Level 2  
  116  7:02  Drone x4  
  116  7:03  Drone  
  116  7:06  Drone x4  
  124  7:10  Drone x3  
  124  7:13  Baneling x5  
  124  7:14  Baneling  
  124  7:15  Zergling x6  
  128  7:22  Overlord  
  130  7:24  Drone x3  
  130  7:25  Zergling x6, Extractor  
  130  7:27  Extractor  
  133  7:38  Mutalisk x6, Zerg Flyer Weapons Level 1  
  145  7:47  Baneling  
  144  7:53  Baneling  
  144  7:54  Baneling x2  
  129  8:07  Zergling x2  
  129  8:08  Zergling x30  
  141  8:13  Mutalisk x5  
  141  8:16  Zergling x4  
  141  8:17  Zergling x16  
  141  8:19  Overlord  
  160  8:31  Overlord x3, Drone  
  160  8:33  Infestation Pit  
  160  8:39  Mutalisk x3  
  166  8:41  Baneling  
  166  8:42  Baneling x3  
  166  8:44  Zergling x2  
  166  8:45  Zergling x12  
  166  8:48  Hatchery  
  172  8:51  Baneling  
  172  8:52  Baneling x7  
  172  8:55  Zergling x12  
  175  9:12  Hive  
  175  9:15  Mutalisk  
  175  9:16  Mutalisk x2  
  174  9:21  Zergling x24  
  174  9:22  Overlord x2, Zergling x10  
  182  9:41  Mutalisk x4  
  182  9:43  Zergling x18  
  199  9:45  Overlord x2  
  199  9:46  Overlord  
  199  9:47  Baneling x7  
  199  9:48  Baneling x4  
  186  10:18  Zerg Flyer Armor Level 1  
  185  10:22  Overlord x3, Drone  
  185  10:26  Zerg Melee Weapons Level 3  
  185  10:29  Ultralisk Cavern  
  185  10:31  Baneling x4  
  184  10:38  Zergling x2  
  184  10:39  Zergling x28  
  199  10:54  Baneling x6  
  196  10:58  Zergling x8  
  188  11:08  Baneling x4  
  188  11:09  Zergling x22  
  188  11:10  Zergling x6  
  198  11:14  Baneling x4  
  198  11:17  Zergling x2  
  198  11:18  Zergling x10  
  197  11:29  Chitinous Plating  
  188  11:41  Ultralisk x2  
  188  11:43  Adrenal Glands  
  189  11:57  Ultralisk, Zergling x18  
  195  12:16  Zergling x10  
  195  12:20  Baneling x5  
  197  12:35  Zergling x20  
  171  12:44  Zergling x2  
  171  12:45  Zergling x40  
  171  12:47  Zergling x10  
  163  12:52  Zergling x2  
  161  13:01  Zergling x10  
  161  13:02  Baneling x3  
  161  13:03  Baneling x3  
Tags
 
Add a new tag
Caveats
  • Supply blocks, unpowered buildings, or Contaminate may cause inaccurate times.
  • Supply counts are checked every 10 seconds.